 Dungeon Crawl Stone Soup version 0.30-a0-586-g23e55c9e0a (webtiles) character file.

Game seed: 9283113254943346545

49 whiskeysaurus the Trooper (level 3, 0/29 HPs)
             Began as a Demonspawn Cinder Acolyte on Jan 3, 2023.
             Was an Elder of Ignis.
             Slain by an adder (1 damage)
             ... on level 2 of the Dungeon.
             The game lasted 00:04:17 (1062 turns).

whiskeysaurus the Trooper (DsCA)                    Turns: 1062, Time: 00:04:18

Health: 0/29       AC:  9    Str: 14    XL:     3   Next: 51%
Magic:  1/5        EV: 11    Int: 17    God:    Ignis [****..]
Gold:   37         SH:  4    Dex:  8    Spells: 3/5 levels left

rFire   + . .      SeeInvis .    a - -1 spear (flame)
rCold   . . .      Faith    .    (no shield)
rNeg    . . .      Spirit   .    b - +0 robe
rPois   .          Reflect  .    (no helmet)
rElec   .          Harm     .    (no cloak)
rCorr   .          Rampage  .    (no gloves)
Will    .....                    (no boots)
Stlth   +                        (no amulet)
HPRegen 0.24/turn                (no ring)
MPRegen 0.09/turn                (no ring)

@: fiery-armoured
A: large bone plates 1
a: Renounce Religion, Fiery Armour, Foxfire Swarm, Rising Flame


You were on level 2 of the Dungeon.
You worshipped Ignis.
Ignis was greatly pleased with you.
You visited 1 branch of the dungeon, and saw 2 of its levels.

You collected 37 gold pieces.

Inventory:

Hand Weapons
 a - a -1 spear of flaming (weapon)
Armour
 b - a +0 robe (worn)
 i - a +0 pair of gloves
Magical Staves
 h - a staff of earth
Jewellery
 k - a +6 ring of intelligence
 p - a ring of willpower
 q - an amulet of the acrobat
Scrolls
 d - a scroll of fear {unknown}
 e - a scroll of blinking {unknown}
 f - a scroll of noise {unknown}
 g - 2 scrolls of teleportation {unknown}
 l - a scroll of fog {unknown}
 o - a scroll of identify {unknown}
Potions
 c - a potion of berserk rage {unknown}
 j - a potion of heal wounds {unknown}
 m - a potion of resistance {unknown}
 n - a potion of brilliance {unknown}


   Skills:
 + Level 3.4 Fighting
 + Level 3.1 Polearms
 + Level 1.9 Spellcasting
 + Level 3.1 Fire Magic


You had 3 spell levels left.
You knew the following spells:

 Your Spells              Type           Power      Damage    Failure   Level
a - Scorch                Fire           24%        2d6       9%          2

Your spell library contained the following spells:

 Spells                   Type           Power      Damage    Failure   Level
 Beastly Appendage        Tmut           2%         N/A       21%         1
 Wereblood                Tmut           1%         N/A       30%         2
 Spider Form              Tmut/Pois      1%         N/A       52%         3


Dungeon Overview and Level Annotations

Branches:
Dungeon (2/15)

Altars:


Innate Abilities, Weirdness & Mutations

You are partially covered in large bone plates. (SH +4)


Message History

Casting: Scorch (safe; 9% risk of failure)
Confirm with . or Enter, or press ? or * to list all spells.
You don't have enough magic to cast this spell.
You hit the hobgoblin but do no damage.
The hobgoblin is heavily wounded.
The hobgoblin hits you with a +0 long sword.
* * * LOW HITPOINT WARNING * * *
Okay, then.
You are too injured to fight recklessly!
Casting: Scorch (safe; 9% risk of failure)
Confirm with . or Enter, or press ? or * to list all spells.
You don't have enough magic to cast this spell.
The hobgoblin blocks your attack.
The hobgoblin is heavily wounded.
You block the hobgoblin's attack.
You closely miss the hobgoblin.
The hobgoblin is heavily wounded.
The hobgoblin closely misses you. The hobgoblin blocks your attack.
The hobgoblin is heavily wounded.
The hobgoblin hits you with a +0 long sword.
* * * LOW HITPOINT WARNING * * *
A protective cloak of flame settles atop you.
The hobgoblin hits you with a +0 long sword.
* * * LOW HITPOINT WARNING * * *
The hobgoblin is burned by your cloak of flames.
You kill the hobgoblin!
You are too injured to fight recklessly!
Reach: a) -1 spear (flame)
Press: ? - help, Dir - move target, f - adder
Aim: an adder (about 62% to evade your -1 spear of flaming)
You reach to attack!
You hit the adder. You burn the adder.
The adder is moderately wounded.
Casting: Scorch (safe; 9% risk of failure)
Confirm with . or Enter, or press ? or * to list all spells.
You don't have enough magic to cast this spell.
You miss the adder.
The adder is moderately wounded.
The adder bites you.
You die...

......... # ........
######## ..#... ........
#....# ...####### # #...S#
##.# ## ..# #....##### #..#
##.
#...##..).....###.########..
#.......###...............
####..#JS@......###.######
#..######.#.#....# # #..#
##......#### #..####..#.##.#
#.......##.##.#
#...#####..##.# ##.†#
#.###.. #... .. ##. .(.##
### ..


You could see an adder and an endoplasm.

Vanquished Creatures
  2 dart slugs (D:1)
  7 endoplasms
  2 giant cockroaches
  3 goblins (D:1)
  A hobgoblin (D:2)
  4 jackals (D:1)
  A quokka (D:1)
  4 ball pythons
  5 bats
  4 frilled lizards
  5 kobolds
  4 rats
42 creatures vanquished.

Notes
Turn   | Place    | Note
-------+----------+-------------------------------------------
     0 | D:1      | whiskeysaurus the Demonspawn Cinder Acolyte began the quest
                  | for the Orb.
     0 | D:1      | Reached XP level 1. HP: 18/18 MP: 2/2
    49 | D:1      | Gained mutation: You are partially covered in large bone
                  | plates. (SH +4) [demonic ancestry]
    49 | D:1      | Reached XP level 2. HP: 12/24 MP: 3/3
   157 | D:1      | Learned a level 2 spell: Scorch
   358 | D:1      | Reached XP level 3. HP: 29/29 MP: 5/5
  1060 | D:2      | HP: 1/29 [hobgoblin/+0 long sword (1)]
  1062 | D:2      | Slain by an adder

Illustrated notes

Levels and vault maps discovered:
D:1:      heliophobic_arrival_henge, layout_basic, minmay_octomino_j4
D:2:      layout_rooms

Skill      XL: |  1  2 |
---------------+-------+-----
Polearms       | 3 |  3.1
Fire Magic     | 3 |  3.1
Fighting       | |  3.4
Spellcasting   | |  1.9

Action                   || total
-------------------------++-------
Melee: Spear             ||    83
       Punch             ||     3
 Cast: Scorch            ||    17
Invok: Fiery Armour      ||     3
Armor: Robe              ||    22
Dodge: Dodged            ||    43
Block: Other             ||    17

Table legend: (Time is in decaauts)
 A = Elapsed time spent in this place.
 B = Non-inter-level travel time spent in this place.
 C = Inter-level travel time spent in this place.
 D = Time resting spent in this place.
 E = Time spent auto-exploring this place.
 F = Levels seen in this place.
 G = Mean time per level.
                   A        B        C        D        E       F      G
               +--------+--------+--------+--------+--------+-----+--------+
         Total |   1058 |   1050 |      8 |      0 |    824 |   2 |  529.0 |
       Dungeon |   1058 |   1050 |      8 |      0 |    824 |   2 |  529.0 |
               +--------+--------+--------+--------+--------+-----+--------+

Top non-repeatable levels by time:
     D:1: 649 daAuts
     D:2: 408 daAuts
